 Dungeon Crawl Stone Soup version 0.27-a0-1136-g0b992a5a9d (webtiles) character file.

Game seed: 15820212648415328016

18 Morbidden the Skirmisher (level 2, 0/24 HPs)
             Began as a Demonspawn Fighter on May 5, 2021.
             Slain by an orc
             ... wielding a +0 trident
              (6 damage)
             ... on level 2 of the Dungeon.
             The game lasted 00:00:40 (785 turns).

Morbidden the Skirmisher (Demonspawn Fighter)        Turns: 785, Time: 00:00:40

Health: 0/24       AC:  7    Str: 16    XL:     2   Next: 48%
Magic:  2/2        EV:  6    Int:  9    God:
Gold:   45         SH:  9    Dex: 14    Spells: 1/1 levels left

rFire    . . .     SeeInvis .   a - +0 long sword
rCold    . . .     Faith    .   c - +0 kite shield
rNeg     . . .     Spirit   .   b - +0 scale mail
rPois    .         Reflect  .   g - +0 helmet
rElec    .         Harm     .   (no cloak)
rCorr    .         Rampage  .   (no gloves)
Will     .....                  (no boots)
Stlth    +.........             (no amulet)
HPRegen  0.08/turn              (no ring)
MPRegen  0.08/turn              (no ring)

@: lethally poisoned (0 -> -7)
A: thin skeletal structure 1
a: no special abilities


You were on level 2 of the Dungeon.
You visited 1 branch of the dungeon, and saw 2 of its levels.

You collected 45 gold pieces.

Inventory:

Hand Weapons
 a - a +0 long sword (weapon)
Armour
 b - a +0 scale mail (worn)
 c - a +0 kite shield (worn)
 g - a +0 helmet (worn)
Scrolls
 e - a scroll of blinking {unknown}
Potions
 d - a potion of might


   Skills:
 * Level 3.2 Fighting
 * Level 2.0 Long Blades
 + Level 2.8 Armour
 + Level 3.0 Shields


You had one spell level left.
You didn't know any spells.
Your spell library was empty.

Dungeon Overview and Level Annotations

Branches:
Dungeon (2/15)

Altars:


Innate Abilities, Weirdness & Mutations

You have a somewhat thin skeletal structure. (Dex +2, Stealth+)


Message History

The adder is moderately wounded.
You feel sick. The orc barely misses you. You block the adder's attack.
The orc hits you but does no damage. You block the adder's attack.
Unknown command.
Unknown command.
You hit the adder.
The adder is heavily wounded.
You feel sick. You block the adder's attack. The orc completely misses you.
You block the adder's attack.
Unknown command.
It was a potion of heal wounds.
You feel much better.
You feel sick.
The orc hits you from afar with a +0 trident.
The adder bites you but does no damage.
Unknown command.
You hit the adder.
The adder is almost dead.
You feel sick. The adder bites you but does no damage.
You block the orc's attack. The adder bites you but does no damage.
The orc barely misses you.
You miss the adder.
The adder is almost dead.
You feel sick.
You are no longer poisoned.
The adder barely misses you.
You riposte.
You barely miss the adder.
The adder is almost dead.
The orc hits you but does no damage. The adder bites you but does no damage.
Your shield and scale mail prevent you from hitting the adder.
The adder is almost dead.
You block the orc's attack. The adder bites you.
You are poisoned.
The adder poisons you! The orc hits you but does no damage.
The adder closely misses you.
You miss the adder.
The adder is almost dead.
You feel sick. The adder bites you.
* * * LOW HITPOINT WARNING * * *
You are lethally poisoned!
The adder poisons you!
The orc hits you from afar with a +0 trident.
You die...

### #.# #
####.#.#####
#.o.........
#S#.#†.#####
#@#.#..#
#.#.#..#
#.#.#..#
#.#.#..#
#.......
#.......
#..#. #...#.
#..# ..


You could see an adder and an orc.

Vanquished Creatures
  A dart slug (D:1)
  2 endoplasms (D:1)
  2 giant cockroaches (D:1)
  3 hobgoblins
  A quokka (D:2)
  2 ball pythons (D:1)
  2 bats (D:1)
  A rat (D:1)
14 creatures vanquished.

Notes
Turn   | Place    | Note
-------+----------+-------------------------------------------
     0 | D:1      | Morbidden the Demonspawn Fighter began the quest for the
                  | Orb.
     0 | D:1      | Reached XP level 1. HP: 18/18 MP: 1/1
   246 | D:1      | Gained mutation: You have a somewhat thin skeletal
                  | structure. (Dex +2, Stealth+) [demonic ancestry]
   246 | D:1      | Reached XP level 2. HP: 22/24 MP: 2/2
   785 | D:2      | Slain by an orc

Illustrated notes

Levels and vault maps discovered:
D:1:      dpeg_arrival_round_b, layout_basic
D:2:      layout_loops_ring, uniq_crazy_yiuf_cottage

Skill      XL: |  1  2 |
---------------+-------+-----
Long Blades    | 2 |  2.0
Shields        | 3 |  3.0
Fighting       | |  3.2
Armour         | |  2.8

Action                   || total
-------------------------++-------
Melee: Long sword        ||    49
  Use: Potion            ||     1
 Stab: Sleeping          ||     1
Armor: Scale mail        ||    34
Dodge: Dodged            ||    19
Block: Kite shield       ||    28
       Rpst.: Long sword ||     7

Table legend: (Time is in decaauts)
 A = Elapsed time spent in this place.
 B = Non-inter-level travel time spent in this place.
 C = Inter-level travel time spent in this place.
 D = Time resting spent in this place.
 E = Time spent auto-exploring this place.
 F = Levels seen in this place.
 G = Mean time per level.
                   A        B        C        D        E       F      G
               +--------+--------+--------+--------+--------+-----+--------+
         Total |    810 |    792 |     18 |      0 |    650 |   2 |  405.0 |
       Dungeon |    810 |    792 |     18 |      0 |    650 |   2 |  405.0 |
               +--------+--------+--------+--------+--------+-----+--------+

Top non-repeatable levels by time:
     D:1: 776 daAuts
     D:2: 34 daAuts
